 Dungeon Crawl Stone Soup version 0.30-a0-739-gea05faddec (webtiles) character file.

Game seed: 7030611446117361319

76460 arthad the Summoner (level 15, -1/74 HPs)
             Began as a Felid Summoner on Feb 4, 2023.
             Was an Initiate of Gozag.
             Slain by a seven-headed hydra (16 damage)
             ... on level 4 of the Swamp on Feb 5, 2023.
             The game lasted 02:33:51 (35421 turns).

arthad the Summoner (Felid Summoner)               Turns: 35421, Time: 02:33:51

Health: -1/74      AC:  3    Str:  4    XL:     15   Next: 12%
Magic:  27/31      EV: 27    Int: 29    God:    Gozag
Gold:   3559       SH:  0    Dex: 18    Spells: 5/36 levels left
                                        Lives:  0   Deaths: 4

rFire   . . .      SeeInvis +      - Unarmed
rCold   + . .      Faith    .    (shield unavailable)
rNeg    . . .      Spirit   .    (body armour unavailable)
rPois   .          Reflect  .    (helmet unavailable)
rElec   .          Harm     .    (cloak unavailable)
rCorr   +          Rampage  .    (gloves unavailable)
Will    ++...                    (boots unavailable)
Stlth   +                        y - amulet of magic regeneration
HPRegen 0.32/turn                I - ring "Hyssymio" {Wiz rCorr Slay+3}
MPRegen 0.62/turn                c - +6 ring of intelligence

@: studying 4 skills, very slow
A: very small, claws 1, fangs 3, see invisible, speed 1, shaggy fur 3, stealthy
paws, no weapons or thrown items, no armour, multi-lived
a: Renounce Religion, Potion Petition, Call Merchant, Bribe Branch


You were on level 4 of the Swamp.
You worshipped Gozag.
Gozag was most pleased with you.
You visited 5 branches of the dungeon, and saw 27 of its levels.
You also visited: Gauntlet.

You collected 12004 gold pieces.
You spent 5250 gold pieces at shops.
You paid 3195 gold pieces to Gozag.

Inventory:

Jewellery
 c - a +6 ring of intelligence (right paw)
 d - a +4 ring of protection
 e - a ring of willpower
 f - a ring of poison resistance
 g - a +4 ring of slaying
 h - a ring of resist corrosion
 m - a ring of flight
 v - a ring of protection from cold
 y - an amulet of magic regeneration (around neck)
 z - an amulet of reflection
 B - a ring of fire
 D - a ring of magical power
 E - the amulet of Okinky {Faith Slay+2}
   (You found it on level 15 of the Dungeon)

   [amulet of faith]

   It allows you to gain divine favour quickly.
   Slay:      It affects your accuracy & damage with ranged weapons and melee
   (+2).
 I - the ring "Hyssymio" (left paw) {Wiz rCorr Slay+3}
   (You bought it in a shop on level 2 of the Orcish Mines)

   [ring of wizardry]

   It improves your spell success rate.
   Slay:      It affects your accuracy & damage with ranged weapons and melee
   (+3).
   rCorr:     It protects you from acid and corrosion.
 O - a +6 ring of intelligence
 X - the amulet "Quhued" {Faith rC+ Str+3 Int+4}
   (You took it off a tengu warrior on level 14 of the Dungeon)

   [amulet of faith]

   It allows you to gain divine favour quickly.
   Str:       It affects your strength (+3).
   Int:       It affects your intelligence (+4).
   rC:        It protects you from cold.
 Y - a +4 ring of slaying
Wands
 i - a wand of light (9)
 p - a wand of flame (11)
 u - a wand of mindburst (6)
 w - a wand of roots (14)
 N - a wand of charming (17)
 Q - a wand of digging (12)
 S - a wand of polymorph (7)
Scrolls
 b - 14 scrolls of teleportation
 l - 4 scrolls of poison
 s - a scroll of silence
 t - 2 scrolls of torment
 G - 4 scrolls of fear
 H - a scroll of enchant armour
 L - 5 scrolls of fog
 P - 11 scrolls of identify
 T - 3 scrolls of blinking
 U - 2 scrolls of magic mapping
 W - 3 scrolls of immolation
 Z - 3 scrolls of vulnerability
Potions
 a - a potion of magic
 j - 5 potions of brilliance
 k - 2 potions of invisibility
 n - 10 potions of lignification
 o - 11 potions of curing
 q - 3 potions of attraction
 r - 2 potions of cancellation
 x - 2 potions of flight
 A - 4 potions of might
 C - a potion of resistance
 F - 4 potions of heal wounds
 J - a potion of berserk rage
 M - 6 potions of haste
 V - 9 potions of ambrosia
Miscellaneous
 K - a box of beasts
 R - a phial of floods


   Skills:
 + Level 13.2 Fighting
 + Level 13.0 Dodging
 - Level 2.6 Stealth
 + Level 8.1 Unarmed Combat
 * Level 11.4 Spellcasting
 - Level 10.0 Hexes
 * Level 14.8 Summonings
 + Level 11.5 Translocations
 + Level 12.9 Transmutations
 + Level 12.9 Air Magic
 - Level 6.0 Evocations


You had 5 spell levels left.
You knew the following spells:

 Your Spells              Type           Power      Damage    Failure   Level
a - Monstrous Menagerie   Summ           40%        N/A       2%          7
c - Call Canine Familiar  Summ           80%        N/A       0%          3
d - Summon Guardian Gole  Hex/Summ       73%        N/A       1%          3
e - Summon Lightning Spi  Summ/Air       77%        N/A       1%          4
f - Manifold Assault      Tloc           70%        N/A       1%          4
g - Yara's Violent Unrav  Hex/Tmut       35%        3d14      1%          5
h - Summon Mana Viper     Hex/Summ       73%        N/A       1%          5

Your spell library contained the following spells:

 Spells                   Type           Power      Damage    Failure   Level
 Summon Small Mammal      Summ           100%       N/A       0%          1
 Call Imp                 Summ           80%        N/A       0%          2
 Foxfire                  Conj/Fire      64%        2x1d7     1%          1
 Freeze                   Ice            64%        1d7       1%          1
 Sting                    Tmut/Pois      100%       1d8       1%          1
 Cigotuvi's Dreadful Rot  Necr/Pois/Air  82%        N/A       1%          2
 Passwall                 Tmut/Erth      43%        N/A       1%          2
 Poisonous Vapours        Pois/Air       100%       N/A       1%          2
 Dazzling Flash           Conj/Hex       90%        N/A       1%          3
 Mephitic Cloud           Conj/Pois/Air  41%        N/A       1%          3
 Vhi's Electric Charge    Tloc/Air       100%       N/A       1%          3
 Iskenderun's Mystic Bla  Conj/Tloc      50%        2d11      1%          4
 Leda's Liquefaction      Hex/Erth       22%        N/A       1%          4
 Summon Ice Beast         Ice/Summ       56%        N/A       1%          4
 Blade Hands              Tmut           37%        N/A       1%          5
 Silence                  Hex/Air        35%        N/A       1%          5
 Arcjolt                  Conj/Air       26%        1d36      2%          5
 Frozen Ramparts          Ice            32%        1d5       4%          3
 Hailstorm                Conj/Ice       16%        3d6       4%          3
 Dispel Undead            Necr           16%        3d10      13%         4
 Olgreb's Toxic Radiance  Pois           16%        N/A       13%         4
 Agony                    Necr           16%        N/A       32%         5
 Fireball                 Conj/Fire      8%         3d6       32%         5
 Lee's Rapid Deconstruct  Erth           8%         3d7*      32%         5
 Dispersal                Tloc           35%        N/A       1%          6
 Malign Gateway           Summ/Tloc      37%        N/A       4%          7
 Storm Form               Tmut/Air       37%        N/A       6%          7
 Eringya's Noxious Bog    Tmut/Pois      26%        N/A       14%         6
 Statue Form              Tmut/Erth      34%        N/A       14%         6
 Summon Horrible Things   Summ           40%        N/A       19%         8
 Maxwell's Capacitive Co  Air            37%        ∞         38%         8
 Spellforged Servitor     Conj/Summ      28%        N/A       45%         7
 Disjunction              Tloc           35%        N/A       56%         8
 Death Channel            Necr           8%         N/A       86%         6
 Starburst                Conj/Fire      8%         6d4       86%         6
 Necromutation            Tmut/Necr      26%        N/A       99%         8
 Orb of Destruction       Conj           8%         9d6       100%        7
 Ozocubu's Refrigeration  Ice            8%         4d9       100%        7
 Ignition                 Fire           8%         3d5       100%        8


Dungeon Overview and Level Annotations

Branches:
Dungeon (15/15)            Temple (1/1) D:6            Lair (5/5) D:8
  Swamp (4/4) Lair:3       Spider (0/4) Lair:3        Slime (0/5) Lair:4
    Orc (2/2) D:10            Elf (0/3) Orc:2        Vaults (0/5) D:14
 Depths (0/4) D:15        Gauntlet (visited)

Altars:
Ashenzari
Cheibriados
Dithmenos
Elyvilon
Fedhas
Gozag
Hepliaklqana
Kikubaaqudgha
Makhleb
Nemelex Xobeh
Okawaru
Qazlal
Ru
Sif Muna
Trog
Uskayaw
Vehumet
Wu Jian
Xom
Yredelemnul
Zin
The Shining One

Shops:
D:7 [   D:8 (   D:9 [   D:11 :   Orc:1 *   Orc:2 =(*[(   Lair:1 :   Lair:5 ==:

Annotations:
D:9 3 runed translucent doors, Hubris850's ghost, novice KoHu; bande's ghost, journeyman GrFi; flickminster's ghost, novice TrTm; mandoloar's ghost, novice MiFi
D:12 3 runed translucent doors, blahman3's ghost, journeyman MiFi
Lair:3 1 runed translucent door, Ustreg's ghost, adept DsGl


Innate Abilities, Weirdness & Mutations

You have sharp claws.
You have razor-sharp teeth.
You have supernaturally acute eyesight. (SInv)
You cover ground quickly. (Speed+)
Your thick and shaggy fur keeps you warm. (AC +3, rC+)
Your paws help you pounce on unaware monsters.
You are incapable of wielding weapons or throwing items.
You cannot wear armour.
You gain extra lives every three experience levels.


Message History

Confirm with . or Enter, or press ? or * to list all spells.
Okay, then.
You enter the shallow water.
Moving in this stuff is going to be slow.
Casting: Call Canine Familiar (safe; 0% risk of failure)
Confirm with . or Enter, or press ? or * to list all spells.
An electric hum fills the air.
Your warg bites the seven-headed hydra!
Casting: Summon Lightning Spire (safe; 1% risk of failure)
Confirm with . or Enter, or press ? or * to list all spells.
A guardian golem appears, shielding your allies.
A swamp dragon comes into view.
The seven-headed hydra misses you. The seven-headed hydra bites you! x2
The seven-headed hydra completely misses you.
The seven-headed hydra barely misses you.
The seven-headed hydra completely misses you. x2
Your warg bites the seven-headed hydra!
The seven-headed hydra completely misses you. x3
The seven-headed hydra misses you. The seven-headed hydra bites you.
The seven-headed hydra completely misses you.
The seven-headed hydra misses you.
You see here a +0 chain mail.
You enter the shallow water.
Moving in this stuff is going to be slow.
Your warg barely misses the seven-headed hydra.
A swamp drake comes into view.
The seven-headed hydra barely misses you.
The seven-headed hydra bites you. x3
The seven-headed hydra completely misses you. x3
The swamp drake breathes poison at you.
Your warg bites the seven-headed hydra.
Really walk into that cloud of noxious fumes?
Okay, then.
The seven-headed hydra attacks as you move away!
The seven-headed hydra bites you! The seven-headed hydra misses you.
The seven-headed hydra closely misses you.
The seven-headed hydra misses you. The seven-headed hydra bites you!
* * * LOW HITPOINT WARNING * * *
The seven-headed hydra bites you!
You die...
Your body crumbles into a pile of gold.

.~~~~♣ ♣.~§~.♣k§
♣♣~......~
♣♣♣§~~....~
♣~§.~~~~.~D
♣~~.~°°~♣
♣8.~°°°♣
♣♣♣h9°°°♣
♣.[D@$♣♣♣♣♣♣♣
♣~~~...♣♣~.~♣
♣~~~♣♣.~~.<.♣♣
♣♣♣♣♣♣.~~~♣~.♣♣
♣ ♣...~~~.~~.♣
.~ ♣.~~.~~..~§♣
.~~♣♣♣~§.♣....~♣
.~.~~.~~.§♣♣~.♣♣
..♣♣♣<~~.~♣♣♣♣♣


You could see a seven-headed hydra (ally target), a swamp drake, a friendly
guardian golem (summoned), a friendly warg (summoned, sheltered) and a friendly
lightning spire (summoned, sheltered).

Vanquished Creatures
  A fire giant (D:15)
  A nameless horror (Orc:2)
  An ugly thing (D:15)
  2 cane toads (Lair:5)
  A black mamba (Lair:5)
  A kobold demonologist (D:11)
  A freezing wraith (D:15)
  A yaktaur (D:14)
  The ghost of ooooo the Conjurer, an amateur DsCj (D:4)
  2 humans (D:14)
  A swamp worm (Swamp:2)
  An orc warrior (Orc:2)
  A centaur (D:12)
  3 electric eels
  2 orc wizards
  2 orcs
  A ball python (D:1)
  A bat (D:1)
  A giant cockroach (D:3)
  A jackal (D:2)
  A goblin (D:1)
27 creatures vanquished.

Vanquished Creatures (collateral kills)
  Kirke (Swamp:2)
  2 thorn hunters
  2 fenstrider witches (Swamp:1)
  A ghoul (Swamp:3)
  An orc warlord (Orc:2)
  2 eleionomae
  3 bunyips
  An ettin (Orc:1)
  Josephine (Lair:5)
  2 vault guards (D:14)
  Fannar (Lair:3)
  A shambling mangrove (Swamp:4)
  Erolcha (D:11)
  10 hydras
  2 two-headed ogres
  An anaconda (shapeshifter) (Gauntlet)
  A tengu warrior (D:14)
  5 centaur warriors
  2 boulder beetles (D:14)
  A catoblepas (Lair:2)
  4 alligators
  4 death yaks
  4 orc high priests (Orc:2)
  Urug (Lair:5)
  Sonja (Orc:1)
  5 spriggans
  A skeletal warrior (D:14)
  5 swamp dragons
  4 goliath frogs
  Lodul (D:11)
  7 bog bodies
  A wizard (D:14)
  5 spriggan druids
  A necromancer (D:14)
  A deep elf pyromancer (D:15)
  3 orc knights (Orc:2)
  4 orc sorcerers (Orc:2)
  2 will-o-the-wisps
  4 ugly things (D:15)
  An oklob plant (Lair:2)
  7 cyclopes
  6 manticores
  4 elephants
  Joseph (D:9)
  A guardian serpent (Lair:5)
  8 black mambas
  Maggie (Lair:2)
  An unseen horror (D:10)
  An orange demon (D:8)
  11 cane toads
  2 rime drakes
  3 kobold demonologists (D:11)
  A nameless horror (Orc:1)
  Psyche (D:11)
  3 efreet
  3 komodo dragons
  A yaktaur (shapeshifter) (D:14)
  A yaktaur (D:14)
  7 trolls
  A queen bee (D:13)
  A tarantella (shapeshifter) (D:14)
  5 tyrant leeches
  A meliai (shapeshifter) (Gauntlet)
  2 polar bears
  2 meliai (D:13)
  7 hornets
  A blink frog (shapeshifter) (D:14)
  Grinder (D:5)
  4 slime creatures (D:14)
  17 blink frogs
  6 wraiths
  A vampire (D:10)
  11 wyverns
  A centaur simulacrum (D:14)
  2 fire elementals (Gauntlet)
  23 yaks
  2 steam dragons
  8 basilisks
  4 hogs (Swamp:2)
  20 humans
  4 vampire mosquitoes
  2 redbacks (Lair:5)
  12 swamp worms
  4 wargs
  Edmund (D:5)
  An acid dragon (D:9)
  An acid dragon (shapeshifter) (D:13)
  21 water moccasins
  3 hell hounds (Gauntlet)
  A swamp drake (Swamp:3)
  24 orc warriors
  3 sky beasts
  3 ice beasts
  3 black bears
  19 ogres
  20 wolves
  5 centaurs
  A phantom (D:5)
  9 bullfrogs
  7 kobold brigands
  A gnoll sergeant (D:10)
  2 necrophages
  A hornet simulacrum (D:15)
  2 wights (D:8)
  19 killer bees
  A howler monkey (D:9)
  2 hounds (D:5)
  26 orc priests
  4 iguanas
  24 orc wizards
  6 adders
  15 gnolls
  12 white imps
  An ufetubus (D:15)
  3 worms
  6 dart slugs
  105 orcs
  4 bats
  6 endoplasms
  3 giant cockroaches
  3 hobgoblins
  9 jackals
  3 quokkas
  3 ball pythons
  A frilled lizard (D:2)
  A goblin (D:1)
  34 kobolds
  4 rats
728 creatures vanquished.

Vanquished Creatures (others)
  Agnes (D:15)
  A minotaur (Gauntlet)
  Snorg (D:11)
  A vault guard (D:14)
  2 hydras
  A centaur warrior (D:14)
  3 two-headed ogres
  A boulder beetle (D:11)
  3 death yaks (Lair:3)
  Amaemon (D:8)
  3 skeletal warriors (D:12)
  A death drake (shapeshifter) (D:14)
  A spriggan druid (Swamp:3)
  A deep elf pyromancer (D:15)
  3 ugly things (D:15)
  2 wolf spiders (Lair:5)
  Maurice (D:11)
  2 black mambas
  3 elephants
  A cane toad (Lair:5)
  A gargoyle (D:12)
  2 yaktaurs
  A rime drake (Lair:3)
  A tengu conjurer (D:14)
  A bloated husk (Swamp:3)
  2 meliai
  2 trolls
  A hornet (Swamp:1)
  A blink frog (Lair:2)
  2 slime creatures (D:14)
  A centaur simulacrum (D:15)
  2 wyverns
  A spriggan (Swamp:1)
  6 yaks
  A hog (Swamp:2)
  2 humans (D:14)
  A redback (Lair:5)
  A warg (D:8)
  An acid dragon (D:12)
  A swamp worm (Swamp:1)
  2 orc warriors
  An ice beast (D:15)
  3 ogres
  2 centaurs
  4 wolves (Lair:4)
  A kobold brigand (D:10)
  A bullfrog (Lair:3)
  2 scorpions
  A wight (D:8)
  7 killer bees
  An orc priest (D:8)
  A hound (D:5)
  2 iguanas (D:5)
  An orc wizard (Orc:2)
  A white imp (Lair:3)
  An orc (Orc:2)
  13 foxfires
  46 fungi
  86 plants
240 creatures vanquished.

Grand Total: 995 creatures vanquished

Notes
Turn   | Place    | Note
-------+----------+-------------------------------------------
     0 | D:1      | arthad the Felid Summoner began the quest for the Orb.
     0 | D:1      | Reached XP level 1. HP: 7/7 MP: 4/4
   190 | D:1      | Reached XP level 2. HP: 9/11 MP: 0/6
   193 | D:1      | Learned a level 2 spell: Call Imp
   775 | D:1      | You fall into a shaft and drop 1 floor!
   910 | D:2      | Reached skill level 5 in Summonings
   916 | D:2      | Reached XP level 3. HP: 8/14 MP: 3/7
   920 | D:2      | Learned a level 3 spell: Call Canine Familiar
  1460 | D:2      | Reached XP level 4. HP: 8/18 MP: 0/8
  1936 | D:2      | Found a faded altar of an unknown god.
  2150 | D:3      | Identified the +3 spear "Killer Klown's Peril" {speed, Fly
                  | rPois}
  2423 | D:3      | Reached skill level 1 in Hexes
  2859 | D:4      | Reached skill level 6 in Summonings
  2859 | D:4      | Reached XP level 5. HP: 21/21 MP: 2/9
  3043 | D:4      | Found Wisush's Armour Emporium.
  3080 | D:4      | Found a transporter.
  3080 | D:4      | Identified the +1 spear "Othoum Kood" {venom, Will+ rCorr
                  | Int+3 Dex+3}
  3284 | D:4      | Found a transporter.
  3375 | D:4      | Found a transporter.
  3414 | D:4      | Found a transporter.
  3473 | D:4      | Learned a level 3 spell: Summon Guardian Golem
  3515 | D:4      | Identified the +5 dagger "Biziycia" {distort, Contam rC+
                  | Str+2}
  3721 | D:4      | Noticed ooooo's ghost (amateur DsCj)
  3728 | D:5      | Entered Level 5 of the Dungeon
  3811 | D:5      | Noticed Grinder
  3827 | D:5      | Reached skill level 1 in Fighting
  3827 | D:5      | Reached skill level 1 in Air Magic
  3827 | D:5      | Gained mutation: You are covered in thick fur. (AC +2)
                  | [Felid growth]
  3827 | D:5      | Reached XP level 6. HP: 24/25 MP: 4/11
  4211 | D:5      | Noticed Edmund
  4239 | D:5      | Killed Edmund
  4240 | D:5      | Reached XP level 7. HP: 28/28 MP: 1/12
  4775 | D:5      | Killed Grinder
  4975 | D:6      | Noticed a yak
  4979 | D:6      | Noticed a yak
  4983 | D:6      | Reached skill level 5 in Hexes
  4983 | D:6      | Noticed a yak
  5077 | D:5      | Learned a level 4 spell: Summon Lightning Spire
  5098 | D:5      | Reached skill level 7 in Summonings
  5098 | D:5      | Reached XP level 8. HP: 27/34 MP: 4/14
  5226 | D:6      | Reached skill level 5 in Dodging
  5569 | D:6      | Found a bloodstained altar of Trog.
  5619 | D:6      | Found a staircase to the Ecumenical Temple.
  5631 | Temple   | Entered the Ecumenical Temple
  5682 | Temple   | Became a worshipper of Gozag Ym Sagoz the Greedy
  6264 | D:4      | Killed by an exploding wolf... ignited by their inner flame
  6264 | D:4      | Killed ooooo's ghost
  6265 | D:4      | Reached XP level 7. HP: -12/31 MP: 4/14
  6265 | D:4      | Reached skill level 8 in Summonings
  6265 | D:4      | Reached skill level 1 in Evocations
  6265 | D:4      | Reached XP level 8. HP: 34/34 MP: 15/15
  6614 | D:7      | Found Tupn's Armour Emporium.
  6932 | D:7      | Found a hide-covered altar of Uskayaw.
  6939 | D:7      | Found a white marble altar of Elyvilon.
  6942 | D:7      | Found a glowing golden altar of the Shining One.
  6942 | D:7      | Found a sacrificial altar of Ru.
  6950 | D:7      | Found a sparkling altar of Nemelex Xobeh.
  6961 | D:7      | Reached skill level 5 in Air Magic
  7024 | D:7      | Identified the +3 robe of the Lovers {rC+}
  7599 | D:7      | Reached skill level 5 in Spellcasting
  7599 | D:7      | Reached XP level 9. HP: 39/39 MP: 10/17
  7711 | D:8      | Noticed a two-headed ogre
  7724 | D:8      | Killed a two-headed ogre
  7725 | D:8      | Reached skill level 5 in Fighting
  7889 | D:8      | Reached skill level 9 in Summonings
  7893 | D:8      | Noticed a two-headed ogre
  7896 | D:8      | HP: 1/40 [warg (4)]
  8132 | D:8      | Killed a two-headed ogre
  8422 | D:8      | Reached XP level 10. HP: 32/45 MP: 9/19
  8590 | D:8      | Found a staircase to the Lair.
  8735 | D:8      | Noticed an orange demon
  8752 | D:8      | Killed an orange demon
  8774 | D:8      | Noticed Amaemon
  8796 | D:8      | Killed Amaemon
  8992 | D:8      | Found Lusov's Antique Weapon Shop.
  9933 | D:9      | Found Usmepuffi's Armour Shop.
 10114 | D:9      | Found a hazy altar of Hepliaklqana.
 10348 | D:9      | Reached skill level 10 in Summonings
 10449 | D:9      | Found an ornate altar of the Wu Jian Council.
 10516 | D:9      | Found a runed translucent gate.
 10517 | D:9      | Found a runed translucent gate.
 10547 | D:9      | Found a runed translucent gate.
 10547 | D:9      | Noticed flickminster's ghost (novice TrTm)
 10548 | D:9      | Noticed bande's ghost (journeyman GrFi)
 10548 | D:9      | Noticed mandoloar's ghost (novice MiFi)
 10548 | D:9      | Noticed Hubris850's ghost (novice KoHu)
 10595 | D:9      | Noticed a five-headed hydra
 10596 | D:9      | Noticed Joseph
 10618 | D:9      | Reached skill level 1 in Translocations
 10821 | D:9      | Killed a five-headed hydra
 10822 | D:9      | Reached skill level 1 in Unarmed Combat
 10829 | D:9      | Killed Joseph
 11148 | D:10     | Entered Level 10 of the Dungeon
 11182 | D:10     | Reached XP level 11. HP: 50/50 MP: 12/21
 11585 | D:10     | Reached skill level 5 in Evocations
 12337 | D:10     | Found a staircase to the Orcish Mines.
 12688 | D:11     | Noticed Maurice
 12712 | D:11     | Killed Maurice
 12735 | D:11     | Noticed a sun demon
 12842 | D:11     | Noticed a boulder beetle
 12859 | D:11     | Noticed Lodul
 12861 | D:11     | Annihilated by a boulder beetle
 12862 | D:11     | Reached XP level 10. HP: -32/48 MP: 14/20
 12898 | D:11     | Found Aliklos's Tremendous Tomes.
 12906 | D:11     | Bought the Precepts of Reshaped Envenoming for 1536 gold
                  | pieces
 12932 | D:11     | Found a gate leading to a gauntlet.
 12943 | Gauntlet | Entered a Gauntlet
 12943 | Gauntlet | Found a transporter.
 12943 | Gauntlet | Found a transporter.
 12947 | Gauntlet | Noticed a death scarab
 12948 | Gauntlet | Found a transporter.
 12963 | Gauntlet | Found a transporter.
 12981 | Gauntlet | Found a transporter.
 12990 | Gauntlet | Found a transporter.
 13000 | Gauntlet | Noticed a mana viper
 13000 | Gauntlet | a mana viper changed into a deep troll
 13000 | Gauntlet | Noticed a deep troll (glowing shapeshifter)
 13001 | Gauntlet | a deep troll changed into a moth of wrath
 13001 | Gauntlet | Noticed a moth of wrath (glowing shapeshifter)
 13009 | Gauntlet | Found a transporter.
 13011 | Gauntlet | a moth of wrath changed into an elephant
 13011 | Gauntlet | Noticed an elephant (glowing shapeshifter)
 13014 | Gauntlet | a tarantella changed into a cyclops
 13014 | Gauntlet | Noticed a cyclops (shapeshifter)
 13071 | Gauntlet | Noticed a jorogumo
 13079 | Gauntlet | Found a transporter.
 13093 | Gauntlet | Found a transporter.
 13095 | Gauntlet | a jorogumo changed into a water nymph
 13095 | Gauntlet | Noticed a water nymph (shapeshifter)
 13107 | Gauntlet | Found a transporter.
 13120 | Gauntlet | Found a transporter.
 13180 | Gauntlet | Noticed a cyclops
 13180 | Gauntlet | Noticed a black mamba
 13209 | Gauntlet | Found a transporter.
 13219 | Gauntlet | Found a transporter.
 13223 | Gauntlet | Noticed a rust devil
 13225 | Gauntlet | Noticed an entropy weaver
 13228 | Gauntlet | Noticed a water nymph
 13229 | Gauntlet | Found a transporter.
 13232 | Gauntlet | Found a transporter.
 13236 | Gauntlet | a water nymph changed into a glowing orange brain
 13236 | Gauntlet | Noticed a glowing orange brain (shapeshifter)
 13245 | Gauntlet | a glowing orange brain changed into a snapping turtle
 13251 | Gauntlet | an entropy weaver changed into a golden eye
 13263 | Gauntlet | Found a transporter.
 13288 | Gauntlet | a tyrant leech changed into an alligator
 13288 | Gauntlet | Noticed an alligator (shapeshifter)
 13293 | Gauntlet | Learned a level 4 spell: Manifold Assault
 13296 | Gauntlet | an alligator changed into a slime creature
 13323 | Gauntlet | a slime creature changed into a torpor snail
 13323 | Gauntlet | Noticed a torpor snail (shapeshifter)
 13342 | Gauntlet | a torpor snail changed into an anaconda
 13342 | Gauntlet | Noticed an anaconda (shapeshifter)
 13354 | Gauntlet | Killed an anaconda
 13355 | Gauntlet | Reached skill level 1 in Transmutations
 13582 | Gauntlet | Reached XP level 11. HP: 25/51 MP: 9/22
 13600 | Gauntlet | Reached skill level 11 in Summonings
 13623 | Gauntlet | Noticed a wolf spider
 13625 | Gauntlet | a wolf spider changed into a great orb of eyes
 13625 | Gauntlet | Noticed a great orb of eyes (glowing shapeshifter)
 13627 | Gauntlet | a great orb of eyes changed into a goliath frog
 13627 | Gauntlet | Noticed a goliath frog (glowing shapeshifter)
 13630 | Gauntlet | a goliath frog changed into a storm dragon
 13630 | Gauntlet | Noticed a storm dragon (glowing shapeshifter)
 13632 | Gauntlet | a storm dragon changed into a dire elephant
 13632 | Gauntlet | Noticed a dire elephant (glowing shapeshifter)
 13635 | Gauntlet | a dire elephant changed into an azure jelly
 13635 | Gauntlet | Noticed an azure jelly (glowing shapeshifter)
 13645 | Gauntlet | an azure jelly changed into a sphinx
 13645 | Gauntlet | Noticed a sphinx (glowing shapeshifter)
 13663 | Gauntlet | a sphinx changed into an alligator snapping turtle
 13663 | Gauntlet | Noticed an alligator snapping turtle (glowing shapeshifter)
 13664 | Gauntlet | a hog changed into an entropy weaver
 13664 | Gauntlet | Noticed an entropy weaver (shapeshifter)
 13665 | Gauntlet | an alligator snapping turtle changed into a stone giant
 13665 | Gauntlet | Noticed a stone giant (glowing shapeshifter)
 13669 | Gauntlet | a stone giant changed into an iron troll
 13669 | Gauntlet | Noticed an iron troll (glowing shapeshifter)
 13669 | Gauntlet | a merfolk changed into a shining eye
 13669 | Gauntlet | Noticed a shining eye (shapeshifter)
 13677 | Gauntlet | an iron troll changed into a dire elephant
 13677 | Gauntlet | Noticed a dire elephant (glowing shapeshifter)
 13679 | Gauntlet | a shining eye changed into a swamp worm
 13757 | Gauntlet | Noticed an entropy weaver
 13757 | Gauntlet | Noticed a swamp dragon
 13757 | Gauntlet | Noticed a bunyip
 13762 | Gauntlet | Noticed a minotaur
 13775 | Gauntlet | Killed a minotaur
 13900 | D:11     | Reached skill level 5 in Translocations
 14002 | D:11     | Identified the +8 mace of Jesko {spect, Fly}
 14041 | D:11     | Noticed Erolcha
 14052 | D:11     | Killed Erolcha
 14143 | D:11     | Reached skill level 10 in Air Magic
 14305 | D:11     | Killed a boulder beetle
 14308 | D:11     | Killed Lodul
 14553 | D:11     | Noticed Snorg
 14562 | D:11     | Killed Snorg
 14832 | D:11     | Noticed Psyche
 14859 | D:11     | Killed Psyche
 14999 | D:12     | Noticed a skeletal warrior
 14999 | D:12     | Noticed a skeletal warrior
 15003 | D:12     | Noticed a skeletal warrior
 15008 | D:12     | Killed a skeletal warrior
 15011 | D:12     | Killed a skeletal warrior
 15019 | D:12     | Killed a skeletal warrior
 15020 | D:12     | Gained mutation: Your thick and shaggy fur keeps you warm.
                  | (AC +3, rC+) [Felid growth]
 15020 | D:12     | Reached XP level 12. HP: 49/57 MP: 19/23
 15217 | D:12     | Noticed a two-headed ogre
 15224 | D:12     | Killed a two-headed ogre
 15455 | D:12     | Noticed a two-headed ogre
 15465 | D:12     | Killed a two-headed ogre
 15868 | D:12     | Reached skill level 5 in Transmutations
 16168 | D:12     | Found a runed translucent gate.
 16169 | D:12     | Found a runed translucent gate.
 16169 | D:12     | Noticed blahman3's ghost (journeyman MiFi)
 16170 | D:12     | Found a runed translucent gate.
 16276 | D:12     | Found the +2 hood of the Assassin {Detect Stab+ Stlth++}
 16333 | D:13     | Noticed an eight-headed hydra
 16347 | D:13     | Killed an eight-headed hydra
 16486 | D:13     | Noticed a centaur warrior
 16490 | D:13     | Killed a centaur warrior
 16491 | D:13     | Reached skill level 10 in Dodging
 16997 | D:13     | Reached skill level 12 in Summonings
 17330 | D:13     | Noticed a centaur warrior
 17335 | D:13     | Killed a centaur warrior
 17654 | D:14     | Noticed a centaur warrior
 17665 | D:14     | Killed a centaur warrior
 17669 | D:14     | Noticed a centaur warrior
 17687 | D:14     | Killed a centaur warrior
 17863 | D:14     | Noticed a boulder beetle
 17873 | D:14     | Killed a boulder beetle
 17874 | D:14     | Reached XP level 13. HP: 61/61 MP: 20/25
 17988 | D:14     | Identified the amulet "Quhued" {Faith rC+ Str+3 Int+4}
 18009 | D:14     | Reached skill level 10 in Fighting
 18019 | D:14     | Reached skill level 5 in Unarmed Combat
 18442 | D:14     | Learned a level 5 spell: Yara's Violent Unravelling
 19068 | D:14     | Found a gate to the Vaults.
 19258 | D:14     | Found an iron altar of Okawaru.
 19455 | D:14     | Found a blossoming altar of Fedhas.
 19611 | D:15     | Entered Level 15 of the Dungeon
 19624 | D:15     | Noticed Agnes
 19633 | D:15     | Killed Agnes
 19779 | D:15     | Identified the +8 chain mail of the Beginning {Int+2}
 19894 | D:15     | Found a staircase to the Depths.
 19895 | D:15     | Noticed a fire giant
 20055 | D:15     | Killed a fire giant
 20338 | D:15     | Identified the amulet of Okinky {Faith Slay+2}
 20767 | D:15     | Reached XP level 14. HP: 66/66 MP: 26/27
 21260 | D:15     | Shot with an arrow by a centaur warrior
 21261 | D:15     | Reached XP level 13. HP: 0/63 MP: 18/35
 21713 | Lair:1   | Entered Level 1 of the Lair of Beasts
 21715 | Lair:1   | Identified the +10 lajatang "Xyprienk" {flame, Str+2 Dex+2}
 21856 | Lair:1   | Reached skill level 13 in Summonings
 22612 | Lair:1   | Bought a manual of Transmutations for 1120 gold pieces
 22612 | Lair:1   | Bought a book of Beasts for 532 gold pieces
 22618 | Lair:1   | Learned a level 5 spell: Summon Mana Viper
 22803 | Lair:2   | Found a glowing silver altar of Zin.
 23506 | Lair:2   | Noticed Maggie
 23514 | Lair:2   | Killed Maggie
 24022 | Lair:3   | Noticed Fannar
 24028 | Lair:3   | Found a runed translucent door.
 24029 | Lair:3   | Found a shimmering altar of Xom.
 24029 | Lair:3   | Noticed Ustreg's ghost (adept DsGl)
 24029 | Lair:3   | Found the +5 demon whip "Spellbinder" {antimagic, disrupt,
                  | Will+}
 24038 | Lair:3   | Killed Fannar
 24241 | Lair:3   | Found a frozen archway.
 24347 | Lair:3   | Found a hole to the Spider Nest.
 24469 | Lair:3   | Found a shimmering altar of Xom.
 24850 | Lair:3   | You fall into a shaft and drop 2 floors!
 24850 | Lair:5   | Entered Level 5 of the Lair of Beasts
 25072 | Lair:5   | Noticed Urug
 25096 | Lair:5   | Killed Urug
 25455 | Lair:5   | Reached XP level 14. HP: 67/67 MP: 23/28
 25463 | Lair:5   | Learned a level 7 spell: Monstrous Menagerie
 26243 | Lair:5   | Reached skill level 10 in Transmutations
 26965 | Lair:3   | Found a staircase to the Swamp.
 27156 | Lair:3   | Reached skill level 10 in Hexes
 27281 | Lair:4   | Identified a scroll of acquirement
 27282 | Lair:4   | Acquired 675 gold pieces
 27783 | Lair:4   | Reached skill level 10 in Spellcasting
 28013 | Lair:4   | Reached skill level 10 in Translocations
 28367 | Lair:4   | Found a staircase to the Slime Pits.
 29514 | Lair:5   | Noticed Josephine
 29525 | Lair:5   | Killed Josephine
 29916 | Lair:5   | Bought an amulet of magic regeneration for 540 gold pieces
 30079 | Orc:1    | Entered Level 1 of the Orcish Mines
 30079 | Orc:1    | Noticed Sonja
 30092 | Orc:1    | Killed Sonja
 30265 | Orc:1    | Found Maciwae's General Store.
 30521 | Orc:2    | Entered Level 2 of the Orcish Mines
 30536 | Orc:2    | Found a staircase to the Elven Halls.
 30571 | Orc:2    | Noticed an orc warlord
 30583 | Orc:2    | Killed an orc warlord
 30730 | Orc:2    | Reached skill level 14 in Summonings
 31409 | Orc:2    | Found Laicel's Firing Range.
 31467 | Orc:2    | Reached XP level 15. HP: 73/73 MP: 24/30
 31684 | Orc:2    | Found Diellyp's Antique Armour Shop.
 31685 | Orc:2    | Found Bevvit's Antique Weapon Shop.
 31687 | Orc:2    | Found Vohoopamn's General Store.
 31687 | Orc:2    | Found Uriazxuw's Jewellery Boutique.
 31774 | Orc:2    | Bought a potion of curing for 36 gold pieces
 31774 | Orc:2    | Bought a scroll of acquirement for 624 gold pieces
 31774 | Orc:2    | Bought a scroll of magic mapping for 90 gold pieces
 31777 | Orc:2    | Acquired 808 gold pieces
 31779 | Orc:2    | Bought the ring "Hyssymio" {Wiz rCorr Slay+3} for 772 gold
                  | pieces
 32539 | Swamp:1  | Entered Level 1 of the Swamp
 32735 | Swamp:1  | Noticed a fenstrider witch
 32745 | Swamp:1  | Killed a fenstrider witch
 32777 | Swamp:1  | Noticed a fenstrider witch
 32784 | Swamp:1  | Killed a fenstrider witch
 33601 | Swamp:2  | Noticed a thorn hunter
 33610 | Swamp:2  | Killed a thorn hunter
 33838 | Swamp:2  | Noticed Kirke
 33846 | Swamp:2  | Killed Kirke
 34267 | Swamp:3  | Killed by an exploding themself... ignited by their inner
                  | flame
 34268 | Swamp:3  | Reached XP level 14. HP: -25/70 MP: 8/30
 34724 | Swamp:3  | Noticed a thorn hunter
 34732 | Swamp:3  | Killed a thorn hunter
 34747 | Swamp:3  | Noticed a ghoul
 34761 | Swamp:3  | Killed a ghoul
 34951 | Swamp:3  | Acquired 439 gold pieces
 35002 | Swamp:3  | Reached XP level 15. HP: 74/74 MP: 20/31
 35259 | Swamp:4  | Entered Level 4 of the Swamp
 35421 | Swamp:4  | Slain by a seven-headed hydra

Illustrated notes

Levels and vault maps discovered:
D:1:      pf_arrival_petrified_forest, layout_loops_ring,
          nicolae_concentric_dashed_squares_mild, kennysheep_flooded_box
D:2:      layout_rooms, nicolae_ecumenical_lake_church,
          nicolae_figureground_pulse
D:3:      layout_basic, dreamdust_wishing_well
D:4:      gammafunk_steamed_eel, layout_gridville, serial_shops,
          nicolae_shop_waterfront, gammafunk_ghost_gnarly_gnolls
D:5:      layout_basic, uniq_edmund, uniq_grinder
D:6:      layout_cave_pools, old_standard_altar,
          minmay_temple_entry_drinking_statues
D:7:      layout_loops_ring, nicolae_overflow_hallway_of_the_gods, serial_shops,
          nicolae_shop_waterfront
D:8:      layout_basic, erik_lair_orcish_takeover, serial_shops, shop,
          chequers_serial_rivers_room_b, nrook_loot_triangle,
          minmay_manual_mullet, uniq_amaemon
D:9:      layout_roguey, amcnicky_altar_gilded, old_standard_altar,
          gammafunk_ghost_cemetery, serial_shops, nicolae_shop_advertising_works
          [nicolae_subvault_shop_adworks], special_room [special_room_orc],
          minmay_mirror_moons_of_madness, uniq_joseph
D:10:     layout_roguey, kennysheep_orc_monster_closet_entryway,
          grunt_ministairs_2, minmay_ruffians
D:11:     layout_basic, gauntlet_entry_generic, nicolae_shop_i_like_big_books,
          uniq_psyche, uniq_lodul, uniq_maurice, uniq_snorg, uniq_erolcha
D:12:     layout_gridville, biasface_ghost_orc_armoury
D:13:     layout_roguey, special_room [special_room_bee], grunt_decor_arrowhead
D:14:     minmay_dotted_concentric_squares, layout_rooms,
          grunt_vaults_entry_tiered, fedhas_altar_fruit_tree,
          hellmonk_okawaru_the_only_friend_you_need
D:15:     grunt_enter_depths_giant_problem, layout_loops_corners, serial_ice,
          serial_ice_c, serial_ice_h, serial_ice_e, serial_ice_i, serial_ice_g,
          serial_ice_m, minivault_24, uniq_agnes
Temple:   compressed_dpeg_circular_temple
Lair:1:   layout_long_grid, infiniplex_staircase_pool_2
Lair:2:   layout_cellular_growth, lemuel_oklob_altar, infiniplex_staircase_pool,
          uniq_maggie
Lair:3:   layout_roguey, swamp_mist, spider_nest_entry_web_field,
          ebering_ghost_xom, basic_altar, portal_ice_cave_entry_imps,
          grunt_megastairs_5, uniq_fannar
Lair:4:   layout_roguey, slime_entry_1
Lair:5:   hangedman_lair_tendril_chambers, layout_layer_cave,
          kennysheep_basilisk_garden, uniq_josephine, uniq_urug
Swamp:1:  layout_basic_swamp, evilmike_swamp_ruin_house_5, swamp_pool1
Swamp:2:  layout_falls_marsh, evilmike_swamp_ruin_house_1, uniq_kirke
Swamp:3:  layout_basic_swamp, evilmike_swamp_ruin_wall
Swamp:4:  swamp, layout_basic_swamp, swamp_pool1
Orc:1:    layout_diamond_mine, serial_shops, shop_statue, uniq_sonja
Orc:2:    st_orc_congregation, layout_caves, basic_altar, nicolae_orc_lava_tube,
          nicolae_shop_firing_range

Skill      XL: |  1  2  3  4  5  6  7  8  9 10 11 12 13 14 15 |
---------------+----------------------------------------------+-----
Summonings     | 5 6 8 9 10 11 12 13 14 | 14.8
Hexes          | 1 3 4 5 6 7 8 10 | 10.0
Dodging        | 3 4 6 7 9 10 11 12 13 | 13.0
Fighting       | 1 2 4 5 7 9 11 12 13 | 13.2
Air Magic      | 1 2 5 6 7 10 11 12 | 12.9
Spellcasting   | 3 5 6 7 9 10 11 | 11.4
Evocations     | 1 2 3 4 6 |  6.0
Translocations | 2 6 7 9 10 11 | 11.5
Unarmed Combat | 1 3 4 6 8 |  8.1
Transmutations | 1 4 6 9 11 12 | 12.9
Stealth        | |  2.6

Action                     |  1- 3 |  4- 6 |  7- 9 | 10-12 | 13-15 || total
---------------------------+-------+-------+-------+-------+-------++-------
  Melee: Unarmed           |    14 |     2 |    10 |    25 |    41 ||    92
         Bite              |     1 |       |       |     4 |     6 ||    11
         Punch             |       |       |       |       |     2 ||     2
   Cast: Summon Small Mamm |    39 |    20 |     3 |     4 |       ||    66
         Call Imp          |    11 |    19 |    12 |    18 |    11 ||    71
         Call Canine Famil |     4 |    23 |    26 |    67 |   110 ||   230
         Summon Guardian G |       |     6 |    30 |    88 |   162 ||   286
         Summon Lightning  |       |       |    25 |   105 |   224 ||   354
         Manifold Assault  |       |       |       |     6 |     6 ||    12
         Summon Mana Viper |       |       |       |       |   121 ||   121
         Monstrous Menager |       |       |       |       |    62 ||    62
 Invoke: Call Merchant     |       |       |       |       |     4 ||     4
  Evoke: Wand              |       |       |     4 |     5 |    16 ||    25
         Box of beasts     |       |       |       |     2 |     1 ||     3
         Phial of floods   |       |       |       |       |     2 ||     2
    Use: Potion            |     1 |       |     4 |     5 |     6 ||    16
         Scroll            |       |     5 |     9 |     7 |    15 ||    36
   Stab: Distracted        |       |       |       |       |     1 ||     1
 Armour: Skin              |     5 |     1 |     2 |     2 |    13 ||    23
  Dodge: Dodged            |    23 |    26 |    41 |   157 |   238 ||   485
  Block: Other             |       |       |     2 |    48 |    30 ||    80
         Reflection        |       |       |       |    13 |     3 ||    16

Table legend: (Time is in decaauts)
 A = Elapsed time spent in this place.
 B = Non-inter-level travel time spent in this place.
 C = Inter-level travel time spent in this place.
 D = Time resting spent in this place.
 E = Time spent auto-exploring this place.
 F = Levels seen in this place.
 G = Mean time per level.
                   A        B        C        D        E       F      G
               +--------+--------+--------+--------+--------+-----+--------+
         Total |  32191 |  31061 |   1130 |   1922 |  21962 |  28 | 1149.7 |
       Dungeon |  18857 |  18196 |    661 |   1554 |  12354 |  15 | 1257.1 |
        Temple |     70 |     58 |     12 |      0 |     43 |   1 |   70.0 |
          Lair |   7556 |   7279 |    277 |     16 |   5966 |   5 | 1511.2 |
         Swamp |   2799 |   2754 |     45 |    137 |   1968 |   4 |  699.8 |
  Orcish Mines |   2080 |   1946 |    134 |     39 |   1275 |   2 | 1040.0 |
      Gauntlet |    827 |    827 |      0 |    176 |    354 |   1 |  827.0 |
               +--------+--------+--------+--------+--------+-----+--------+

Top non-repeatable levels by time:
  Lair:5: 2993 daAuts
    D:15: 1809 daAuts
     D:8: 1703 daAuts
    D:14: 1699 daAuts
    D:10: 1557 daAuts
     D:4: 1484 daAuts
   Orc:2: 1469 daAuts
  Lair:4: 1371 daAuts
    D:11: 1365 daAuts
    D:13: 1363 daAuts
     D:9: 1253 daAuts
     D:7: 1231 daAuts
  Lair:2: 1194 daAuts
     D:5: 1117 daAuts
  Lair:3: 1101 daAuts
